 Dungeon Crawl Stone Soup version 0.32-a0-422-g28b100f618 (webtiles) character file.

Game seed: 6137021001236400807

1476 Alarak the Jinx (level 8, -7/41 HPs)
             Began as a Vampire Enchanter on Feb 22, 2024.
             Mangled by a gnoll
             ... wielding a +1 halberd of protection
             ... led by a gnoll sergeant
              (8 damage)
             ... on level 6 of the Dungeon.
             The game lasted 00:19:51 (4897 turns).

Alarak the Jinx (Vampire Enchanter)                 Turns: 4897, Time: 00:19:53

Health: -7/41      AC:  9    Str:  7    XL:     8   Next: 49%
Magic:  17/20      EV: 12    Int: 18    God:
Gold:   411        SH:  0    Dex: 16    Spells: 3/11 levels left

rFire   . . .        a - +2 dagger
rCold   + + .        (no shield)
rNeg    + + +        b - +0 robe
rPois   ∞            t - +0 helmet
rElec   .            k - +2 cloak
rCorr   .            q - +2 pair of gloves
SInv    +            (no boots)
Will    .....        (no amulet)
Stlth   ++++++       A - ring of magical power
HPRegen 0.00/turn    (no ring)
MPRegen 0.17/turn

%: no passive effects
@: bloodless, inhibited regen
A: bloodless, fangs 3, see invisible, vampiric 2
a: Bat Form, Revivify


You were on level 6 of the Dungeon.
You visited 2 branches of the dungeon, and saw 7 of its levels.

You collected 411 gold pieces.

Inventory:

Hand Weapons
 a - a +2 dagger (weapon)
Armour
 b - a +0 robe (worn)
 k - a +2 cloak (worn)
 q - a +2 pair of gloves (worn)
 t - a +0 helmet (worn)
 u - a +3 ring mail of cold resistance
Jewellery
 d - a ring of ice
 e - a ring of protection from cold
 l - an amulet of guardian spirit
 A - a ring of magical power (left hand)
Wands
 f - a wand of polymorph (13)
 p - a wand of roots (13)
 x - a wand of flame (18)
Scrolls
 i - 3 scrolls of teleportation
 n - a scroll of torment
 v - a scroll of vulnerability {unknown}
 w - a scroll of poison
 y - a scroll of enchant weapon
 B - a scroll of identify
Potions
 c - 2 potions of invisibility
 g - 3 potions of resistance
 h - a potion of ambrosia
 j - 5 potions of curing
 m - a potion of degeneration {unknown}
 o - a potion of lignification
 r - a potion of enlightenment {unknown}
 s - 2 potions of might {unknown}
 z - a potion of brilliance {unknown}


   Skills:
 - Level 4.0 Short Blades
 - Level 2.1 Dodging
 + Level 10.0 Stealth
 - Level 2.0 Spellcasting
 - Level 12.2 Hexes


You had 3 spell levels left.
You knew the following spells:

 Your Spells              Type           Power      Damage    Failure   Level
a - Ensorcelled Hibernat  Hex/Ice        46%        N/A       2%          2
b - Confusing Touch       Hex            45%        N/A       1%          3
c - Dazzling Flash        Conj/Hex       46%        N/A       4%          3

Your spell library contained the following spells:

 Spells                   Type           Power      Damage    Failure   Level
 Slow                     Hex            100%       N/A       1%          1
 Sigil of Binding         Hex            45%        N/A       1%          3
 Tukima's Dance           Hex            45%        N/A       1%          3
 Summon Small Mammal      Summ           4%         N/A       19%         1
 Call Canine Familiar     Summ           1%         N/A       47%         3
 Vampiric Draining        Necr           1%         2d6       47%         3
 Summon Blazeheart Golem  Fire/Summ      1%         N/A       87%         4


Dungeon Overview and Level Annotations

Branches:
Dungeon (6/15)             Temple (1/1) D:5

Altars:
Ashenzari
Cheibriados
Gozag
Hepliaklqana
Makhleb
Nemelex Xobeh
Qazlal
Ru
Sif Muna
Uskayaw
Vehumet
Wu Jian
Xom
Yredelemnul

Shops:
D:5 :

Portals:
Sewer: D:6

Annotations:
D:6 2 transporters, Blork the orc; TobyConnect's ghost, novice DsFi


Innate Abilities, Weirdness & Mutations

You do not regenerate when monsters are visible.
You are frail without blood (-20% HP).
You can heal yourself when you bite living creatures.
You are immune to poison.
You have razor-sharp teeth.
You have supernaturally acute eyesight. (SInv)
You are afflicted with vampirism and can become a bat while bloodless.


Message History

Press: ? - help, Dir - look around, f - activate You can't see that place.
Okay, then.
The gnoll completely misses you. The gnoll hits you with a +0 flail.
Blork the orc gestures wildly while chanting.
Blork the orc seems to speed up.
The gnoll hits you with a +0 flail. The gnoll closely misses you.
The gnoll hits you with a +0 flail. Blork the orc hits you with a +0 mace.
Casting: Dazzling Flash (dangerous; 4% risk of failure)
Confirm with . or Enter, or press ? or * to list all spells.
Casting: Dazzling Flash (dangerous; 4% risk of failure)
Press: ? - help, Dir - look around, f - activate The gnoll is dazzled. x3; The gnoll sergeant is dazzled.
The gnoll closely misses you. Blork the orc closely misses you.
The gnoll barely misses you.
The gnoll sergeant hits you from afar with a +0 spear.
The gnoll closely misses you.
A gnoll comes into view. It is wielding a +0 spear.
You hit Blork the orc. You bite Blork the orc.
You draw Blork the orc's blood!
You feel better.
Blork the orc is lightly wounded.
Blork the orc hits you with a +0 mace. The gnoll barely misses you.
You are too injured to fight recklessly!
You hit the gnoll.
The gnoll is severely wounded.
Blork the orc hits you with a +0 mace. The gnoll sergeant misses you.
The gnoll completely misses you. The gnoll misses you.
Blork the orc casts a spell at you. The magic dart hits you.
* * * LOW HITPOINT WARNING * * *
The gnoll barely misses you.
The gnoll is no longer blind.
Blork the orc attacks as he pursues you!
Blork the orc hits you with a +0 mace!
* * * LOW HITPOINT WARNING * * *
The gnoll attacks as it pursues you!
The gnoll hits you from afar with a +1 halberd of protection!
You die...

....# #....... ..... ....#
#......##... ....#### #.........#
.......####.........#####
...###....# ####.g#.....#
...######.###...........#
......###.##...gggg#....
......+.........go.# ...
......###..>....@..# .
).....###.##.......#
.............####+## #+#
.............# #.# .............#
##.### . .............# .... .
....(........#########.#########.
......###..............#.........
###...# ###.#######.....<.# #..#.


You could see Blork the orc (fast), a gnoll sergeant (wandering, blind, unable
to see you) and 5 gnolls.

Vanquished Creatures
  A water moccasin (D:5)
  2 black bears
  2 ice beasts
  2 phantoms
  5 scorpions
  3 hounds
  A bombardier beetle (D:5)
  A jelly (D:5)
  Natasha (thrice) (D:2)
  Terence (D:2)
  An iguana (D:4)
  Robin (D:3)
  6 adders
  6 ribbon worms
  A dart slug (D:3)
  7 orcs
  8 endoplasms
  6 giant cockroaches
  8 goblins
  13 hobgoblins
  3 jackals (D:1)
  5 kobolds
  5 quokkas
  7 ball pythons
  8 bats
  3 frilled lizards (D:2)
  11 rats
120 creatures vanquished.

Notes
Turn   | Place    | Note
-------+----------+-------------------------------------------
     0 | D:1      | Alarak the Vampire Enchanter began the quest for the Orb.
     0 | D:1      | Reached XP level 1. HP: 13/13 MP: 3/3
    36 | D:1      | Reached skill level 5 in Stealth
   125 | D:1      | Reached XP level 2. HP: 15/15 MP: 5/5
   309 | D:1      | Gained mutation: You are afflicted with vampirism and can
                  | become a bat while bloodless. [Vampire growth]
   309 | D:1      | Reached XP level 3. HP: 19/19 MP: 6/6
   511 | D:1      | Learned a level 2 spell: Ensorcelled Hibernation
   686 | D:2      | Noticed Terence
   693 | D:2      | Killed Terence
   694 | D:2      | Reached XP level 4. HP: 24/24 MP: 7/7
   860 | D:2      | Found a basalt altar of Yredelemnul.
   918 | D:2      | Noticed Natasha
   925 | D:2      | Killed Natasha
  1033 | D:2      | Noticed Natasha
  1063 | D:2      | Killed Natasha
  1064 | D:2      | Reached XP level 5. HP: 28/28 MP: 3/8
  1251 | D:2      | Noticed Natasha
  1309 | D:2      | Killed Natasha
  1701 | D:3      | Noticed Robin
  1860 | D:3      | Killed Robin
  2027 | D:3      | Found a faded altar of an unknown god.
  2265 | D:3      | Found a hide-covered altar of Uskayaw.
  2497 | D:3      | Reached XP level 6. HP: 32/32 MP: 9/9
  2598 | D:3      | Found an opulent altar of Gozag.
  3210 | D:4      | Noticed an ice beast
  3390 | D:4      | Reached skill level 5 in Hexes
  3471 | D:4      | Reached skill level 6 in Hexes
  3541 | D:5      | Entered Level 5 of the Dungeon
  3579 | D:5      | Reached skill level 7 in Hexes
  3579 | D:5      | Reached XP level 7. HP: 36/36 MP: 1/10
  3677 | D:5      | Reached skill level 8 in Hexes
  3716 | D:5      | Reached skill level 9 in Hexes
  3790 | D:5      | Reached skill level 10 in Hexes
  3819 | D:5      | Found a staircase to the Ecumenical Temple.
  3823 | Temple   | Entered the Ecumenical Temple
  3944 | D:5      | Reached XP level 8. HP: 41/41 MP: 11/11
  4000 | D:5      | Reached skill level 11 in Hexes
  4048 | D:5      | Learned a level 3 spell: Confusing Touch
  4178 | D:5      | Found Raiddam's Book Shoppe.
  4603 | D:6      | Reached skill level 12 in Hexes
  4699 | D:6      | Found a glowing drain.
  4732 | D:6      | Learned a level 3 spell: Dazzling Flash
  4794 | D:6      | Found a transporter.
  4821 | D:6      | Noticed TobyConnect's ghost (novice DsFi)
  4824 | D:6      | Found a transporter.
  4853 | D:6      | Reached skill level 10 in Stealth
  4883 | D:6      | Noticed Blork the orc
  4897 | D:6      | HP: 1/41 [Blork the orc/+0 mace (8)]
  4897 | D:6      | Mangled by a gnoll

Illustrated notes

Levels and vault maps discovered:
D:1:      sevenhm_arrival_forest_fort_small_6, layout_rooms,
          minmay_misc_feat_alley, st_stairs_6
D:2:      layout_loops_ring, basic_altar, minmay_small_reverse_x, uniq_natasha,
          uniq_terence
D:3:      layout_loops_cross, mainiacjoe_overflow_big_doors,
          hellmonk_ecumenical_altar_crossroads, uniq_robin
D:4:      layout_basic, nicolae_wormholes
D:5:      layout_basic, minmay_temple_entry_grid, serial_shops,
          nicolae_diamond_shop, hangedman_decor_slide_cut
D:6:      layout_basic, nicolae_dithmenos_shadow_blocks, portal_sewer_entry_a,
          gammafunk_ghost_arena, minmay_misc_feat_nine_boxes,
          uniq_blork_the_orc, uniq_eustachio, uniq_edmund
Temple:   regret_index_temple_waves

Skill      XL: |  1  2  3  4  5  6  7  8 |
---------------+-------------------------+-----
Stealth        | 5 6 7 9 10 | 10.0
Short Blades   | 3 4 |  4.0
Hexes          | 7 10 12 | 12.2
Dodging        | |  2.1
Spellcasting   | |  2.0

Action                     |  1- 3 |  4- 6 |  7- 9 || total
---------------------------+-------+-------+-------++-------
  Melee: Dagger            |    54 |   140 |   114 ||   308
         Bite              |     5 |    11 |    21 ||    37
   Cast: Ensorcelled Hiber |       |    31 |    12 ||    43
         Dazzling Flash    |       |       |     1 ||     1
Ability: Exsanguinate      |     1 |       |       ||     1
         End Transformatio |       |     1 |       ||     1
         Bat Form          |       |     1 |       ||     1
    Use: Scroll            |       |    13 |       ||    13
   Stab: Sleeping          |    15 |    49 |    19 ||    83
 Armour: Robe              |    18 |    64 |    58 ||   140
         Skin              |       |     1 |       ||     1
  Dodge: Dodged            |    26 |    66 |    55 ||   147

Table legend: (Time is in decaauts)
 A = Elapsed time spent in this place.
 B = Non-inter-level travel time spent in this place.
 C = Inter-level travel time spent in this place.
 D = Time resting spent in this place.
 E = Time spent auto-exploring this place.
 F = Levels seen in this place.
 G = Mean time per level.
                   A        B        C        D        E       F      G
               +--------+--------+--------+--------+--------+-----+--------+
         Total |   4825 |   4323 |    502 |    654 |   2689 |   7 |  689.3 |
       Dungeon |   4731 |   4322 |    409 |    654 |   2689 |   6 |  788.5 |
        Temple |     93 |      0 |     93 |      0 |      0 |   1 |   93.0 |
               +--------+--------+--------+--------+--------+-----+--------+

Top non-repeatable levels by time:
     D:3: 1141 daAuts
     D:2: 1026 daAuts
     D:5: 869 daAuts
     D:4: 698 daAuts
     D:1: 674 daAuts
     D:6: 320 daAuts
  Temple: 93 daAuts
